 Dungeon Crawl Stone Soup version 0.31-a0-165-g3f4f80340b (webtiles) character file.

Game seed: 2819609134156518042

574 qw the Chopper (level 7, -4/43 HPs)
             Began as a Gargoyle Fighter on June 13, 2023.
             Killed by divine providence
             ... invoked by an orc priest
              (10 damage)
             ... on level 4 of the Dungeon.
             The game lasted 00:01:56 (3338 turns).

qw the Chopper (Gargoyle Fighter)                   Turns: 3338, Time: 00:01:56

Health: -4/43      AC: 23    Str: 21 (22) XL:     7   Next: 35%
Magic:  0/7        EV:  6    Int:  6 (8)  God:
Gold:   1280       SH:  4    Dex:  9      Spells: 6/6 levels left

rFire   + . .        Y - +0 war axe
rCold   . . .        c - +0 buckler
rNeg    + . .        m - +0 plate armour
rPois   inf          k - +0 helmet
rElec   +            n - +2 cloak
rCorr   .            (no gloves)
SInv    .            o - +1 pair of boots
Will    .....        f - amulet "Hysch" {Spirit rF+} Stlth
                     (no ring)
HPRegen 0.27/turn    (no ring)
MPRegen 0.10/turn

%: guardian spirit
@: about to teleport
A: sickness immunity, AC +4, negative energy resistance 1, electricity
resistance, torment resistance 1, petrification resistance
a: no special abilities


You were on level 4 of the Dungeon.
You visited 1 branch of the dungeon, and saw 4 of its levels.

You collected 1280 gold pieces.


Innate Abilities, Weirdness & Mutations

You are immune to sickness and miasma.
Your stone body is resilient. (AC +4)
You are immune to poison.
You resist negative energy. (rN+)
You are resistant to electric shocks. (rElec)
You are resistant to unholy torment.
You are immune to petrification.


   Skills:
 - Level 4.0 Fighting
 + Level 6.3 Axes
 - Level 1.2 Throwing
 - Level 4.1 Armour
 - Level 3.2 Shields


You had 6 spell levels left.
You didn't know any spells.
Your spell library was empty.

Inventory:

Hand Weapons
 i - a +0 flail
 Y - a +0 war axe (weapon)
Missiles
 l - 3 boomerangs (quivered)
Armour
 c - a +0 buckler (worn)
 k - a +0 helmet (worn)
 m - a +0 plate armour (worn)
 n - a +2 cloak (worn)
 o - a +1 pair of boots (worn)
Jewellery
 b - a ring of ice
 f - the amulet "Hysch" (around neck) {Spirit rF+}
   (You acquired it on level 2 of the Dungeon)

   [amulet of guardian spirit]

   It causes incoming damage to be divided between your reserves of health and
   magic.
   rF:        It protects you from fire.
Scrolls
 h - a scroll of identify
Potions
 d - a potion of might
 g - a potion of heal wounds {unknown}
 j - a potion of brilliance {unknown}
 q - a potion of curing {unknown}
 s - a potion of resistance {unknown}

Dungeon Overview and Level Annotations

Branches:
Dungeon (4/15)
 Temple: D:4-7

Altars:
Nemelex Xobeh
Sif Muna

Shops:
D:3 (

Annotations:
D:3 1 runed translucent door, Crazy Yiuf


Message History

The phantom is heavily damaged.
The orc wizard shouts!
You hit the ogre.
You hear a shout! x3
The phantom hits you but does no damage.
An orc priest comes into view. It is wielding a +0 whip.
The ogre hits you with a +0 giant spiked club!!
You barely miss the phantom.
The phantom is heavily damaged.
You hit the ogre.
The phantom hits you but does no damage.
The orc priest begins to cast a cantrip, but forgets the words!
You slash the ogre!
The ogre is almost dead.
You hit the phantom. The phantom barely misses you.
The ogre hits you with a +0 giant spiked club!
The phantom hits you.
3336 ||| READING scroll of teleportation.
As you read the scroll of teleportation, it crumbles to dust.
You feel strangely unstable. The ogre hits you but does no damage.
The orc wizard hits you but does no damage.
An orc wizard comes into view. It is wielding a +0 dagger.
The phantom hits you.
The orc wizard shouts!
You hit the ogre.
The ogre is almost dead.
You barely miss the orc wizard. You closely miss the phantom.
The phantom hits you but does no damage.
The orc wizard hits you but does no damage.
You block the ogre's attack.
You barely miss the ogre.
The ogre is almost dead.
You hit the orc wizard but do no damage.
You hit the phantom. You block the phantom's attack.
The orc priest calls down the wrath of Beogh upon you.
Beogh smites you!
You die...

.....#.........
.......o...[.....
....
.....#...(......##...
.....#. ..........(.
.### .........o#
...#. ..........
#.... 7........##...#
.......W##....#
7.....@O....##
7......o.....#
......###....##
77.#.. ##...# 7...
#[.....# ...#
..##...# 7..# ...#
..# ..$ ..... .#
...... ..


You could see an ogre, a phantom, an orc priest and an orc wizard.

Vanquished Creatures
  Menkaure (D:4)
  A scorpion (D:2)
  An orc priest (D:4)
  2 iguanas
  A sleepcap (D:4)
  Jessica (D:3)
  Natasha (thrice) (D:2)
  Robin (D:2)
  4 gnolls (D:3)
  3 adders
  2 worms
  3 orcs
  6 bats
  7 endoplasms
  2 giant cockroaches (D:2)
  12 goblins
  8 hobgoblins
  4 jackals (D:1)
  4 quokkas
  7 ball pythons
  6 frilled lizards
  17 kobolds
  13 rats
109 creatures vanquished.

Notes
Turn   | Place    | Note
-------+----------+-------------------------------------------
     0 | D:1      | qw the Gargoyle Fighter began the quest for the Orb.
     0 | D:1      | Reached XP level 1. HP: 14/14 MP: 1/1
     0 | D:1      | 0 ||| qw: Version: 0.2-a-29-gc1b59c4
     0 | D:1      | 0 ||| qw: Game counter: 4675
     0 | D:1      | 0 ||| qw: Always use a shield: true
     0 | D:1      | 0 ||| qw: God list: Okawaru
     0 | D:1      | 0 ||| qw: Allow faded altars: false
     0 | D:1      | 0 ||| qw: Do Orc after D:15 true
     0 | D:1      | 0 ||| qw: Do second Lair branch before Depths: true
     0 | D:1      | 0 ||| qw: Lair rune preference: random
     0 | D:1      | 0 ||| qw: Plans: Normal, Zot:1-4, Slime:5, God:TSO, Crypt,
                  | Tomb, Abyss, Pan, Hells, Win
     0 | D:1      | 0 ||| PLANNING D:1-11
    59 | D:1      | 59 ||| Stepping ~*~*~tactically~*~*~ (stealth).
    63 | D:1      | Reached skill level 2 in Axes
    65 | D:1      | 65 ||| Stepping ~*~*~tactically~*~*~ (stealth).
    66 | D:1      | 66 ||| Stepping ~*~*~tactically~*~*~ (stealth).
    82 | D:1      | Reached XP level 2. HP: 19/19 MP: 2/2
   121 | D:1      | 121 ||| Stepping ~*~*~tactically~*~*~ (stealth).
   139 | D:1      | 139 ||| Stepping ~*~*~tactically~*~*~ (stealth).
   140 | D:1      | 140 ||| Stepping ~*~*~tactically~*~*~ (stealth).
   141 | D:1      | 141 ||| Stepping ~*~*~tactically~*~*~ (stealth).
   142 | D:1      | 142 ||| Stepping ~*~*~tactically~*~*~ (stealth).
   178 | D:1      | 178 ||| Stepping ~*~*~tactically~*~*~ (stealth).
   299 | D:1      | Reached skill level 3 in Axes
   388 | D:1      | Reached XP level 3. HP: 21/23 MP: 3/3
   425 | D:1      | 425 ||| Stepping ~*~*~tactically~*~*~ (hiding).
   448 | D:1      | 448 ||| Stepping ~*~*~tactically~*~*~ (stealth).
   450 | D:1      | 450 ||| Stepping ~*~*~tactically~*~*~ (stealth).
   835 | D:1      | 835 ||| UPGRADING to +0 plate armour.
   845 | D:1      | 845 ||| DROPPING +0 scale mail.
   846 | D:1      | 846 ||| DROPPING ring of wizardry.
   847 | D:1      | 847 ||| READING 2 scrolls labelled HEIBAH VEBUN.
   851 | D:1      | 851 ||| READING scroll labelled FOXKICZ LAGITT.
   952 | D:1      | 952 ||| READING scroll labelled MOIREKLACICK.
   953 | D:1      | 953 ||| READING scroll labelled XYNUIN SYIKK.
   954 | D:1      | 954 ||| READING scroll labelled NAUWEG LOTULUU.
  1005 | D:2      | Noticed Natasha
  1009 | D:2      | Killed Natasha
  1010 | D:2      | Reached XP level 4. HP: 28/28 MP: 4/4
  1019 | D:2      | Found a shimmering blue altar of Sif Muna.
  1047 | D:2      | Noticed a scorpion
  1057 | D:2      | Killed a scorpion
  1058 | D:2      | Reached skill level 4 in Axes
  1058 | D:2      | Reached XP level 5. HP: 26/32 MP: 5/5
  1231 | D:2      | Noticed Natasha
  1232 | D:2      | 1232 ||| Stepping ~*~*~tactically~*~*~ (stealth).
  1234 | D:2      | 1234 ||| Stepping ~*~*~tactically~*~*~ (hiding).
  1239 | D:2      | Killed Natasha
  1240 | D:2      | Reached skill level 5 in Axes
  1493 | D:2      | 1493 ||| Stepping ~*~*~tactically~*~*~ (hiding).
  1512 | D:2      | 1512 ||| Stepping ~*~*~tactically~*~*~ (stealth).
  1714 | D:2      | Noticed Natasha
  1715 | D:2      | 1715 ||| Stepping ~*~*~tactically~*~*~ (hiding).
  1718 | D:2      | Noticed Robin
  1725 | D:2      | Killed Natasha
  1726 | D:2      | Reached skill level 1 in Throwing
  1732 | D:2      | Killed Robin
  1733 | D:2      | Reached XP level 6. HP: 34/38 MP: 6/6
  2102 | D:2      | 2102 ||| UPGRADING to +0 helmet.
  2107 | D:2      | 2107 ||| UPGRADING to +2 cloak.
  2112 | D:2      | 2112 ||| UPGRADING to +1 pair of boots.
  2117 | D:2      | 2117 ||| READING scroll labelled ZYLAN RICOOXZA.
  2118 | D:2      | 2118 ||| READING 2 scrolls labelled IMOMMI TIAFAEKKI.
  2118 | D:2      | Identified 2 scrolls of acquirement
  2118 | D:2      | 2118 ||| ACQUIRING 1157 gold pieces
  2118 | D:2      | Acquired 1157 gold pieces
  2120 | D:2      | 2120 ||| READING scroll of acquirement.
  2120 | D:2      | 2120 ||| ACQUIRING amulet "Hysch" {Spirit rF+}
  2120 | D:2      | Acquired the amulet "Hysch" {Spirit rF+}
  2122 | D:2      | 2122 ||| UPGRADING to amulet "Hysch" {Spirit rF+}.
  2127 | D:2      | 2127 ||| DRINKING 2 clear potions.
  2128 | D:2      | 2128 ||| DROPPING potion of degeneration.
  2190 | D:3      | 2190 ||| DROPPING +0 mace.
  2246 | D:3      | 2246 ||| Stepping ~*~*~tactically~*~*~ (stealth).
  2247 | D:3      | 2247 ||| Stepping ~*~*~tactically~*~*~ (stealth).
  2327 | D:3      | Found a runed translucent door.
  2328 | D:3      | Noticed Crazy Yiuf
  2357 | D:3      | 2357 ||| Stepping ~*~*~tactically~*~*~ (stealth).
  2432 | D:3      | Found Bilamnay's Antique Weapon Boutique.
  2578 | D:3      | Noticed Jessica
  2583 | D:3      | Killed Jessica
  2678 | D:3      | Found a sparkling altar of Nemelex Xobeh.
  2958 | D:3      | 2958 ||| READING scroll labelled GONANISTRIS.
  2959 | D:3      | 2959 ||| READING scroll labelled ODAFUBR SUUTAM.
  2999 | D:4      | Noticed Menkaure
  3013 | D:4      | Killed Menkaure
  3014 | D:4      | Reached skill level 6 in Axes
  3014 | D:4      | Reached XP level 7. HP: 12/43 MP: 1/7
  3019 | D:4      | 3019 ||| FLEEEEING.
  3020 | D:4      | 3020 ||| STAIRDANCE
  3191 | D:4      | 3191 ||| Stepping ~*~*~tactically~*~*~ (hiding).
  3192 | D:4      | 3192 ||| Stepping ~*~*~tactically~*~*~ (hiding).
  3220 | D:4      | HP: 4/43 [ogre/+0 giant spiked club (8)]
  3221 | D:4      | 3221 ||| READING 2 scrolls of teleportation.
  3325 | D:4      | 3325 ||| FLEEEEING.
  3326 | D:4      | 3326 ||| FLEEEEING.
  3327 | D:4      | 3327 ||| FLEEEEING.
  3335 | D:4      | HP: 9/43 [ogre/+0 giant spiked club (7)]
  3336 | D:4      | 3336 ||| READING scroll of teleportation.
  3338 | D:4      | Killed from afar by an orc priest

Levels and vault maps discovered:
D:1:      wander_arrival_chamber, layout_basic, solitary_fountain
D:2:      layout_basic, basic_altar, kennysheep_nondescript,
          lexackson_kobold_supper, uniq_robin, uniq_natasha
D:3:      layout_loops_ring, mainiacjoe_overflow_alcove_2, serial_shops,
          nicolae_shop_dealshenge, uniq_crazy_yiuf_cottage, uniq_jessica
D:4:      layout_cave_pools, kennysheep_okawaru_gauntlet,
          mainiacjoe_overflow_small_starburst, uniq_menkaure

Skill      XL: |  1  2  3  4  5  6  7 |
---------------+----------------------+-----
Axes           | 2 3 4 5 6 |  6.3
Throwing       | 1 |  1.2
Fighting       | 4 |  4.0
Armour         | 4 |  4.1
Shields        | |  3.2

Action                     |  1- 3 |  4- 6 |  7- 9 || total
---------------------------+-------+-------+-------++-------
  Melee: War axe           |    99 |   192 |    40 ||   331
  Throw: Javelin           |       |    15 |       ||    15
         Boomerang         |       |     3 |     4 ||     7
    Use: Scroll            |     5 |     5 |     2 ||    12
         Potion            |       |     1 |       ||     1
 Armour: Scale mail        |    44 |       |       ||    44
         Plate armour      |     3 |   143 |    44 ||   190
  Dodge: Dodged            |    36 |    47 |    14 ||    97
  Block: Buckler           |    16 |    31 |     7 ||    54

Table legend:
 A = Non-vault XP
 B = Vault XP
 C = Vault XP percentage of total XP
 D = Non-vault monster count
 E = Vault monster count
 F = Vault count percentage of total count
                 A         B        C        D         E       F
            +---------+---------+-------+---------+---------+-------
      Total |     530 |     291 |  35.4 |      86 |      23 |  21.1
            +---------+---------+-------+---------+---------+-------
        D:1 |      59 |       0 |   0.0 |      37 |       0 |   0.0
        D:2 |     207 |      82 |  28.4 |      21 |      21 |  50.0
        D:3 |     133 |      37 |  21.8 |      20 |       1 |   4.8
        D:4 |     131 |     172 |  56.8 |       8 |       1 |  11.1
            +---------+---------+-------+---------+---------+-------
